%YAML 1.1
%TAG !u! tag:unity3d.com,2011:
--- !u!29 &1
OcclusionCullingSettings:
  m_ObjectHideFlags: 0
  serializedVersion: 2
  m_OcclusionBakeSettings:
    smallestOccluder: 5
    smallestHole: 0.25
    backfaceThreshold: 100
  m_SceneGUID: 00000000000000000000000000000000
  m_OcclusionCullingData: {fileID: 0}
--- !u!104 &2
RenderSettings:
  m_ObjectHideFlags: 0
  serializedVersion: 9
  m_Fog: 0
  m_FogColor: {r: 0.5, g: 0.5, b: 0.5, a: 1}
  m_FogMode: 3
  m_FogDensity: 0.01
  m_LinearFogStart: 0
  m_LinearFogEnd: 300
  m_AmbientSkyColor: {r: 0.212, g: 0.227, b: 0.259, a: 1}
  m_AmbientEquatorColor: {r: 0.114, g: 0.125, b: 0.133, a: 1}
  m_AmbientGroundColor: {r: 0.047, g: 0.043, b: 0.035, a: 1}
  m_AmbientIntensity: 1
  m_AmbientMode: 0
  m_SubtractiveShadowColor: {r: 0.42, g: 0.478, b: 0.627, a: 1}
  m_SkyboxMaterial: {fileID: 10304, guid: 0000000000000000f000000000000000, type: 0}
  m_HaloStrength: 0.5
  m_FlareStrength: 1
  m_FlareFadeSpeed: 3
  m_HaloTexture: {fileID: 0}
  m_SpotCookie: {fileID: 10001, guid: 0000000000000000e000000000000000, type: 0}
  m_DefaultReflectionMode: 0
  m_DefaultReflectionResolution: 128
  m_ReflectionBounces: 1
  m_ReflectionIntensity: 1
  m_CustomReflection: {fileID: 0}
  m_Sun: {fileID: 0}
  m_IndirectSpecularColor: {r: 0.37311953, g: 0.38074014, b: 0.3587274, a: 1}
  m_UseRadianceAmbientProbe: 0
--- !u!157 &3
LightmapSettings:
  m_ObjectHideFlags: 0
  serializedVersion: 11
  m_GIWorkflowMode: 0
  m_GISettings:
    serializedVersion: 2
    m_BounceScale: 1
    m_IndirectOutputScale: 1
    m_AlbedoBoost: 1
    m_EnvironmentLightingMode: 0
    m_EnableBakedLightmaps: 1
    m_EnableRealtimeLightmaps: 1
  m_LightmapEditorSettings:
    serializedVersion: 12
    m_Resolution: 2
    m_BakeResolution: 40
    m_AtlasSize: 1024
    m_AO: 0
    m_AOMaxDistance: 1
    m_CompAOExponent: 1
    m_CompAOExponentDirect: 0
    m_ExtractAmbientOcclusion: 0
    m_Padding: 2
    m_LightmapParameters: {fileID: 0}
    m_LightmapsBakeMode: 1
    m_TextureCompression: 1
    m_FinalGather: 0
    m_FinalGatherFiltering: 1
    m_FinalGatherRayCount: 256
    m_ReflectionCompression: 2
    m_MixedBakeMode: 2
    m_BakeBackend: 1
    m_PVRSampling: 1
    m_PVRDirectSampleCount: 32
    m_PVRSampleCount: 500
    m_PVRBounces: 2
    m_PVREnvironmentSampleCount: 500
    m_PVREnvironmentReferencePointCount: 2048
    m_PVRFilteringMode: 2
    m_PVRDenoiserTypeDirect: 0
    m_PVRDenoiserTypeIndirect: 0
    m_PVRDenoiserTypeAO: 0
    m_PVRFilterTypeDirect: 0
    m_PVRFilterTypeIndirect: 0
    m_PVRFilterTypeAO: 0
    m_PVREnvironmentMIS: 0
    m_PVRCulling: 1
    m_PVRFilteringGaussRadiusDirect: 1
    m_PVRFilteringGaussRadiusIndirect: 5
    m_PVRFilteringGaussRadiusAO: 2
    m_PVRFilteringAtrousPositionSigmaDirect: 0.5
    m_PVRFilteringAtrousPositionSigmaIndirect: 2
    m_PVRFilteringAtrousPositionSigmaAO: 1
    m_ShowResolutionOverlay: 1
    m_ExportTrainingData: 0
  m_LightingDataAsset: {fileID: 0}
  m_UseShadowmask: 1
--- !u!196 &4
NavMeshSettings:
  serializedVersion: 2
  m_ObjectHideFlags: 0
  m_BuildSettings:
    serializedVersion: 2
    agentTypeID: 0
    agentRadius: 0.5
    agentHeight: 2
    agentSlope: 45
    agentClimb: 0.4
    ledgeDropHeight: 0
    maxJumpAcrossDistance: 0
    minRegionArea: 2
    manualCellSize: 0
    cellSize: 0.16666667
    manualTileSize: 0
    tileSize: 256
    accuratePlacement: 0
    debug:
      m_Flags: 0
  m_NavMeshData: {fileID: 0}
--- !u!1001 &76724030
PrefabInstance:
  m_ObjectHideFlags: 0
  serializedVersion: 2
  m_Modification:
    m_TransformParent: {fileID: 0}
    m_Modifications:
    - target: {fileID: 1248447649449928, guid: cf498fc35b538884db557f7a9a2c0ef9, type: 3}
      propertyPath: m_Name
      value: Environmental Light
      objectReference: {fileID: 0}
    - target: {fileID: 4461716624848968, guid: cf498fc35b538884db557f7a9a2c0ef9, type: 3}
      propertyPath: m_LocalPosition.x
      value: 0
      objectReference: {fileID: 0}
    - target: {fileID: 4461716624848968, guid: cf498fc35b538884db557f7a9a2c0ef9, type: 3}
      propertyPath: m_LocalPosition.y
      value: 0
      objectReference: {fileID: 0}
    - target: {fileID: 4461716624848968, guid: cf498fc35b538884db557f7a9a2c0ef9, type: 3}
      propertyPath: m_LocalPosition.z
      value: 0
      objectReference: {fileID: 0}
    - target: {fileID: 4461716624848968, guid: cf498fc35b538884db557f7a9a2c0ef9, type: 3}
      propertyPath: m_LocalRotation.x
      value: -0
      objectReference: {fileID: 0}
    - target: {fileID: 4461716624848968, guid: cf498fc35b538884db557f7a9a2c0ef9, type: 3}
      propertyPath: m_LocalRotation.y
      value: -0
      objectReference: {fileID: 0}
    - target: {fileID: 4461716624848968, guid: cf498fc35b538884db557f7a9a2c0ef9, type: 3}
      propertyPath: m_LocalRotation.z
      value: -0
      objectReference: {fileID: 0}
    - target: {fileID: 4461716624848968, guid: cf498fc35b538884db557f7a9a2c0ef9, type: 3}
      propertyPath: m_LocalRotation.w
      value: 1
      objectReference: {fileID: 0}
    - target: {fileID: 4461716624848968, guid: cf498fc35b538884db557f7a9a2c0ef9, type: 3}
      propertyPath: m_RootOrder
      value: 2
      objectReference: {fileID: 0}
    - target: {fileID: 4461716624848968, guid: cf498fc35b538884db557f7a9a2c0ef9, type: 3}
      propertyPath: m_LocalEulerAnglesHint.x
      value: 0
      objectReference: {fileID: 0}
    - target: {fileID: 4461716624848968, guid: cf498fc35b538884db557f7a9a2c0ef9, type: 3}
      propertyPath: m_LocalEulerAnglesHint.y
      value: 0
      objectReference: {fileID: 0}
    - target: {fileID: 4461716624848968, guid: cf498fc35b538884db557f7a9a2c0ef9, type: 3}
      propertyPath: m_LocalEulerAnglesHint.z
      value: 0
      objectReference: {fileID: 0}
    m_RemovedComponents: []
  m_SourcePrefab: {fileID: 100100000, guid: cf498fc35b538884db557f7a9a2c0ef9, type: 3}
--- !u!1001 &353873887
PrefabInstance:
  m_ObjectHideFlags: 0
  serializedVersion: 2
  m_Modification:
    m_TransformParent: {fileID: 0}
    m_Modifications:
    - target: {fileID: 1026997606374626, guid: c539aa4fa1bac4b4da61761b0699b48b, type: 3}
      propertyPath: m_Name
      value: PlaneDiscovery
      objectReference: {fileID: 0}
    - target: {fileID: 4430574757597842, guid: c539aa4fa1bac4b4da61761b0699b48b, type: 3}
      propertyPath: m_LocalPosition.x
      value: 0
      objectReference: {fileID: 0}
    - target: {fileID: 4430574757597842, guid: c539aa4fa1bac4b4da61761b0699b48b, type: 3}
      propertyPath: m_LocalPosition.y
      value: 0
      objectReference: {fileID: 0}
    - target: {fileID: 4430574757597842, guid: c539aa4fa1bac4b4da61761b0699b48b, type: 3}
      propertyPath: m_LocalPosition.z
      value: 0
      objectReference: {fileID: 0}
    - target: {fileID: 4430574757597842, guid: c539aa4fa1bac4b4da61761b0699b48b, type: 3}
      propertyPath: m_LocalRotation.x
      value: 0
      objectReference: {fileID: 0}
    - target: {fileID: 4430574757597842, guid: c539aa4fa1bac4b4da61761b0699b48b, type: 3}
      propertyPath: m_LocalRotation.y
      value: 0
      objectReference: {fileID: 0}
    - target: {fileID: 4430574757597842, guid: c539aa4fa1bac4b4da61761b0699b48b, type: 3}
      propertyPath: m_LocalRotation.z
      value: 0
      objectReference: {fileID: 0}
    - target: {fileID: 4430574757597842, guid: c539aa4fa1bac4b4da61761b0699b48b, type: 3}
      propertyPath: m_LocalRotation.w
      value: 1
      objectReference: {fileID: 0}
    - target: {fileID: 4430574757597842, guid: c539aa4fa1bac4b4da61761b0699b48b, type: 3}
      propertyPath: m_RootOrder
      value: 3
      objectReference: {fileID: 0}
    - target: {fileID: 4430574757597842, guid: c539aa4fa1bac4b4da61761b0699b48b, type: 3}
      propertyPath: m_LocalEulerAnglesHint.x
      value: 0
      objectReference: {fileID: 0}
    - target: {fileID: 4430574757597842, guid: c539aa4fa1bac4b4da61761b0699b48b, type: 3}
      propertyPath: m_LocalEulerAnglesHint.y
      value: 0
      objectReference: {fileID: 0}
    - target: {fileID: 4430574757597842, guid: c539aa4fa1bac4b4da61761b0699b48b, type: 3}
      propertyPath: m_LocalEulerAnglesHint.z
      value: 0
      objectReference: {fileID: 0}
    m_RemovedComponents: []
  m_SourcePrefab: {fileID: 100100000, guid: c539aa4fa1bac4b4da61761b0699b48b, type: 3}
--- !u!224 &353873888 stripped
RectTransform:
  m_CorrespondingSourceObject: {fileID: 224798383043448138, guid: c539aa4fa1bac4b4da61761b0699b48b,
    type: 3}
  m_PrefabInstance: {fileID: 353873887}
  m_PrefabAsset: {fileID: 0}
--- !u!1 &439931184 stripped
GameObject:
  m_CorrespondingSourceObject: {fileID: 2419487880734766399, guid: b04ae4acb7b42354086e362634de3028,
    type: 3}
  m_PrefabInstance: {fileID: 1796729470}
  m_PrefabAsset: {fileID: 0}
--- !u!1001 &946720421
PrefabInstance:
  m_ObjectHideFlags: 0
  serializedVersion: 2
  m_Modification:
    m_TransformParent: {fileID: 353873888}
    m_Modifications:
    - target: {fileID: 1931552886271494133, guid: 04e1ede8d1acd9a48863fa86acb669c3,
        type: 3}
      propertyPath: m_Name
      value: ValidationButton
      objectReference: {fileID: 0}
    - target: {fileID: 1931552886271494133, guid: 04e1ede8d1acd9a48863fa86acb669c3,
        type: 3}
      propertyPath: m_IsActive
      value: 0
      objectReference: {fileID: 0}
    - target: {fileID: 2222221559285721741, guid: 04e1ede8d1acd9a48863fa86acb669c3,
        type: 3}
      propertyPath: m_LocalPosition.x
      value: 0
      objectReference: {fileID: 0}
    - target: {fileID: 2222221559285721741, guid: 04e1ede8d1acd9a48863fa86acb669c3,
        type: 3}
      propertyPath: m_LocalPosition.y
      value: 0
      objectReference: {fileID: 0}
    - target: {fileID: 2222221559285721741, guid: 04e1ede8d1acd9a48863fa86acb669c3,
        type: 3}
      propertyPath: m_LocalPosition.z
      value: 0
      objectReference: {fileID: 0}
    - target: {fileID: 2222221559285721741, guid: 04e1ede8d1acd9a48863fa86acb669c3,
        type: 3}
      propertyPath: m_LocalRotation.x
      value: -0
      objectReference: {fileID: 0}
    - target: {fileID: 2222221559285721741, guid: 04e1ede8d1acd9a48863fa86acb669c3,
        type: 3}
      propertyPath: m_LocalRotation.y
      value: -0
      objectReference: {fileID: 0}
    - target: {fileID: 2222221559285721741, guid: 04e1ede8d1acd9a48863fa86acb669c3,
        type: 3}
      propertyPath: m_LocalRotation.z
      value: -0
      objectReference: {fileID: 0}
    - target: {fileID: 2222221559285721741, guid: 04e1ede8d1acd9a48863fa86acb669c3,
        type: 3}
      propertyPath: m_LocalRotation.w
      value: 1
      objectReference: {fileID: 0}
    - target: {fileID: 2222221559285721741, guid: 04e1ede8d1acd9a48863fa86acb669c3,
        type: 3}
      propertyPath: m_RootOrder
      value: 3
      objectReference: {fileID: 0}
    - target: {fileID: 2222221559285721741, guid: 04e1ede8d1acd9a48863fa86acb669c3,
        type: 3}
      propertyPath: m_LocalEulerAnglesHint.x
      value: 0
      objectReference: {fileID: 0}
    - target: {fileID: 2222221559285721741, guid: 04e1ede8d1acd9a48863fa86acb669c3,
        type: 3}
      propertyPath: m_LocalEulerAnglesHint.y
      value: 0
      objectReference: {fileID: 0}
    - target: {fileID: 2222221559285721741, guid: 04e1ede8d1acd9a48863fa86acb669c3,
        type: 3}
      propertyPath: m_LocalEulerAnglesHint.z
      value: 0
      objectReference: {fileID: 0}
    - target: {fileID: 2222221559285721741, guid: 04e1ede8d1acd9a48863fa86acb669c3,
        type: 3}
      propertyPath: m_AnchoredPosition.x
      value: 0
      objectReference: {fileID: 0}
    - target: {fileID: 2222221559285721741, guid: 04e1ede8d1acd9a48863fa86acb669c3,
        type: 3}
      propertyPath: m_AnchoredPosition.y
      value: 0
      objectReference: {fileID: 0}
    - target: {fileID: 2222221559285721741, guid: 04e1ede8d1acd9a48863fa86acb669c3,
        type: 3}
      propertyPath: m_SizeDelta.x
      value: 72
      objectReference: {fileID: 0}
    - target: {fileID: 2222221559285721741, guid: 04e1ede8d1acd9a48863fa86acb669c3,
        type: 3}
      propertyPath: m_SizeDelta.y
      value: 72
      objectReference: {fileID: 0}
    - target: {fileID: 2222221559285721741, guid: 04e1ede8d1acd9a48863fa86acb669c3,
        type: 3}
      propertyPath: m_AnchorMin.x
      value: 1
      objectReference: {fileID: 0}
    - target: {fileID: 2222221559285721741, guid: 04e1ede8d1acd9a48863fa86acb669c3,
        type: 3}
      propertyPath: m_AnchorMin.y
      value: 0
      objectReference: {fileID: 0}
    - target: {fileID: 2222221559285721741, guid: 04e1ede8d1acd9a48863fa86acb669c3,
        type: 3}
      propertyPath: m_AnchorMax.x
      value: 1
      objectReference: {fileID: 0}
    - target: {fileID: 2222221559285721741, guid: 04e1ede8d1acd9a48863fa86acb669c3,
        type: 3}
      propertyPath: m_AnchorMax.y
      value: 0
      objectReference: {fileID: 0}
    - target: {fileID: 2222221559285721741, guid: 04e1ede8d1acd9a48863fa86acb669c3,
        type: 3}
      propertyPath: m_Pivot.x
      value: 1
      objectReference: {fileID: 0}
    - target: {fileID: 2222221559285721741, guid: 04e1ede8d1acd9a48863fa86acb669c3,
        type: 3}
      propertyPath: m_Pivot.y
      value: 0
      objectReference: {fileID: 0}
    - target: {fileID: 2222221559285721741, guid: 04e1ede8d1acd9a48863fa86acb669c3,
        type: 3}
      propertyPath: m_LocalScale.x
      value: 1
      objectReference: {fileID: 0}
    - target: {fileID: 2222221559285721741, guid: 04e1ede8d1acd9a48863fa86acb669c3,
        type: 3}
      propertyPath: m_LocalScale.y
      value: 1
      objectReference: {fileID: 0}
    - target: {fileID: 2222221559285721741, guid: 04e1ede8d1acd9a48863fa86acb669c3,
        type: 3}
      propertyPath: m_LocalScale.z
      value: 1
      objectReference: {fileID: 0}
    m_RemovedComponents: []
  m_SourcePrefab: {fileID: 100100000, guid: 04e1ede8d1acd9a48863fa86acb669c3, type: 3}
--- !u!1 &946720422 stripped
GameObject:
  m_CorrespondingSourceObject: {fileID: 1931552886271494133, guid: 04e1ede8d1acd9a48863fa86acb669c3,
    type: 3}
  m_PrefabInstance: {fileID: 946720421}
  m_PrefabAsset: {fileID: 0}
--- !u!1001 &1344621488
PrefabInstance:
  m_ObjectHideFlags: 0
  serializedVersion: 2
  m_Modification:
    m_TransformParent: {fileID: 0}
    m_Modifications:
    - target: {fileID: 5997337445083811479, guid: b8ab678ebf3cc4e4898708d34794c4a7,
        type: 3}
      propertyPath: m_Name
      value: TouchKit
      objectReference: {fileID: 0}
    - target: {fileID: 5997337445083811479, guid: b8ab678ebf3cc4e4898708d34794c4a7,
        type: 3}
      propertyPath: m_IsActive
      value: 0
      objectReference: {fileID: 0}
    - target: {fileID: 5997337445083811474, guid: b8ab678ebf3cc4e4898708d34794c4a7,
        type: 3}
      propertyPath: m_LocalPosition.x
      value: 0.075
      objectReference: {fileID: 0}
    - target: {fileID: 5997337445083811474, guid: b8ab678ebf3cc4e4898708d34794c4a7,
        type: 3}
      propertyPath: m_LocalPosition.y
      value: 0
      objectReference: {fileID: 0}
    - target: {fileID: 5997337445083811474, guid: b8ab678ebf3cc4e4898708d34794c4a7,
        type: 3}
      propertyPath: m_LocalPosition.z
      value: -0.004999995
      objectReference: {fileID: 0}
    - target: {fileID: 5997337445083811474, guid: b8ab678ebf3cc4e4898708d34794c4a7,
        type: 3}
      propertyPath: m_LocalRotation.x
      value: 0
      objectReference: {fileID: 0}
    - target: {fileID: 5997337445083811474, guid: b8ab678ebf3cc4e4898708d34794c4a7,
        type: 3}
      propertyPath: m_LocalRotation.y
      value: 0
      objectReference: {fileID: 0}
    - target: {fileID: 5997337445083811474, guid: b8ab678ebf3cc4e4898708d34794c4a7,
        type: 3}
      propertyPath: m_LocalRotation.z
      value: 0
      objectReference: {fileID: 0}
    - target: {fileID: 5997337445083811474, guid: b8ab678ebf3cc4e4898708d34794c4a7,
        type: 3}
      propertyPath: m_LocalRotation.w
      value: 1
      objectReference: {fileID: 0}
    - target: {fileID: 5997337445083811474, guid: b8ab678ebf3cc4e4898708d34794c4a7,
        type: 3}
      propertyPath: m_RootOrder
      value: 5
      objectReference: {fileID: 0}
    - target: {fileID: 5997337445083811474, guid: b8ab678ebf3cc4e4898708d34794c4a7,
        type: 3}
      propertyPath: m_LocalEulerAnglesHint.x
      value: 0
      objectReference: {fileID: 0}
    - target: {fileID: 5997337445083811474, guid: b8ab678ebf3cc4e4898708d34794c4a7,
        type: 3}
      propertyPath: m_LocalEulerAnglesHint.y
      value: 0
      objectReference: {fileID: 0}
    - target: {fileID: 5997337445083811474, guid: b8ab678ebf3cc4e4898708d34794c4a7,
        type: 3}
      propertyPath: m_LocalEulerAnglesHint.z
      value: 0
      objectReference: {fileID: 0}
    - target: {fileID: 3077164815419659024, guid: b8ab678ebf3cc4e4898708d34794c4a7,
        type: 3}
      propertyPath: cam
      value: 
      objectReference: {fileID: 1909021811}
    m_RemovedComponents: []
  m_SourcePrefab: {fileID: 100100000, guid: b8ab678ebf3cc4e4898708d34794c4a7, type: 3}
--- !u!1 &1344621489 stripped
GameObject:
  m_CorrespondingSourceObject: {fileID: 5997337445083811479, guid: b8ab678ebf3cc4e4898708d34794c4a7,
    type: 3}
  m_PrefabInstance: {fileID: 1344621488}
  m_PrefabAsset: {fileID: 0}
--- !u!114 &1344621490
MonoBehaviour:
  m_ObjectHideFlags: 0
  m_CorrespondingSourceObject: {fileID: 0}
  m_PrefabInstance: {fileID: 0}
  m_PrefabAsset: {fileID: 0}
  m_GameObject: {fileID: 1344621489}
  m_Enabled: 1
  m_EditorHideFlags: 0
  m_Script: {fileID: 11500000, guid: e29b7c857be5e384f9aa259e0c6b02be, type: 3}
  m_Name: 
  m_EditorClassIdentifier: 
  simulateTouches: 1
  simulateMultitouch: 1
  drawTouches: 0
  drawDebugBoundaryFrames: 0
  autoScaleRectsAndDistances: 1
  shouldAutoUpdateTouches: 1
  maxTouchesToProcess: 2
--- !u!1001 &1539378731
PrefabInstance:
  m_ObjectHideFlags: 0
  serializedVersion: 2
  m_Modification:
    m_TransformParent: {fileID: 0}
    m_Modifications:
    - target: {fileID: 3374935481958040376, guid: a6994c0627680734f9ea6d0768c4f92a,
        type: 3}
      propertyPath: m_Name
      value: ARCoreInteraction
      objectReference: {fileID: 0}
    - target: {fileID: 3374935481958040376, guid: a6994c0627680734f9ea6d0768c4f92a,
        type: 3}
      propertyPath: m_IsActive
      value: 1
      objectReference: {fileID: 0}
    - target: {fileID: 3374935481958040381, guid: a6994c0627680734f9ea6d0768c4f92a,
        type: 3}
      propertyPath: m_LocalPosition.x
      value: 0
      objectReference: {fileID: 0}
    - target: {fileID: 3374935481958040381, guid: a6994c0627680734f9ea6d0768c4f92a,
        type: 3}
      propertyPath: m_LocalPosition.y
      value: 0
      objectReference: {fileID: 0}
    - target: {fileID: 3374935481958040381, guid: a6994c0627680734f9ea6d0768c4f92a,
        type: 3}
      propertyPath: m_LocalPosition.z
      value: 0
      objectReference: {fileID: 0}
    - target: {fileID: 3374935481958040381, guid: a6994c0627680734f9ea6d0768c4f92a,
        type: 3}
      propertyPath: m_LocalRotation.x
      value: -0
      objectReference: {fileID: 0}
    - target: {fileID: 3374935481958040381, guid: a6994c0627680734f9ea6d0768c4f92a,
        type: 3}
      propertyPath: m_LocalRotation.y
      value: -0
      objectReference: {fileID: 0}
    - target: {fileID: 3374935481958040381, guid: a6994c0627680734f9ea6d0768c4f92a,
        type: 3}
      propertyPath: m_LocalRotation.z
      value: -0
      objectReference: {fileID: 0}
    - target: {fileID: 3374935481958040381, guid: a6994c0627680734f9ea6d0768c4f92a,
        type: 3}
      propertyPath: m_LocalRotation.w
      value: 1
      objectReference: {fileID: 0}
    - target: {fileID: 3374935481958040381, guid: a6994c0627680734f9ea6d0768c4f92a,
        type: 3}
      propertyPath: m_RootOrder
      value: 1
      objectReference: {fileID: 0}
    - target: {fileID: 3374935481958040381, guid: a6994c0627680734f9ea6d0768c4f92a,
        type: 3}
      propertyPath: m_LocalEulerAnglesHint.x
      value: 0
      objectReference: {fileID: 0}
    - target: {fileID: 3374935481958040381, guid: a6994c0627680734f9ea6d0768c4f92a,
        type: 3}
      propertyPath: m_LocalEulerAnglesHint.y
      value: 0
      objectReference: {fileID: 0}
    - target: {fileID: 3374935481958040381, guid: a6994c0627680734f9ea6d0768c4f92a,
        type: 3}
      propertyPath: m_LocalEulerAnglesHint.z
      value: 0
      objectReference: {fileID: 0}
    m_RemovedComponents: []
  m_SourcePrefab: {fileID: 100100000, guid: a6994c0627680734f9ea6d0768c4f92a, type: 3}
--- !u!1001 &1796729470
PrefabInstance:
  m_ObjectHideFlags: 0
  serializedVersion: 2
  m_Modification:
    m_TransformParent: {fileID: 0}
    m_Modifications:
    - target: {fileID: 2419487880734766399, guid: b04ae4acb7b42354086e362634de3028,
        type: 3}
      propertyPath: m_Name
      value: VivianFramework
      objectReference: {fileID: 0}
    - target: {fileID: 2419487880734766399, guid: b04ae4acb7b42354086e362634de3028,
        type: 3}
      propertyPath: m_IsActive
      value: 0
      objectReference: {fileID: 0}
    - target: {fileID: 2419487880734766394, guid: b04ae4acb7b42354086e362634de3028,
        type: 3}
      propertyPath: m_LocalPosition.x
      value: 0
      objectReference: {fileID: 0}
    - target: {fileID: 2419487880734766394, guid: b04ae4acb7b42354086e362634de3028,
        type: 3}
      propertyPath: m_LocalPosition.y
      value: 0
      objectReference: {fileID: 0}
    - target: {fileID: 2419487880734766394, guid: b04ae4acb7b42354086e362634de3028,
        type: 3}
      propertyPath: m_LocalPosition.z
      value: 0
      objectReference: {fileID: 0}
    - target: {fileID: 2419487880734766394, guid: b04ae4acb7b42354086e362634de3028,
        type: 3}
      propertyPath: m_LocalRotation.x
      value: 0
      objectReference: {fileID: 0}
    - target: {fileID: 2419487880734766394, guid: b04ae4acb7b42354086e362634de3028,
        type: 3}
      propertyPath: m_LocalRotation.y
      value: 0
      objectReference: {fileID: 0}
    - target: {fileID: 2419487880734766394, guid: b04ae4acb7b42354086e362634de3028,
        type: 3}
      propertyPath: m_LocalRotation.z
      value: 0
      objectReference: {fileID: 0}
    - target: {fileID: 2419487880734766394, guid: b04ae4acb7b42354086e362634de3028,
        type: 3}
      propertyPath: m_LocalRotation.w
      value: 1
      objectReference: {fileID: 0}
    - target: {fileID: 2419487880734766394, guid: b04ae4acb7b42354086e362634de3028,
        type: 3}
      propertyPath: m_RootOrder
      value: 0
      objectReference: {fileID: 0}
    - target: {fileID: 2419487880734766394, guid: b04ae4acb7b42354086e362634de3028,
        type: 3}
      propertyPath: m_LocalEulerAnglesHint.x
      value: 0
      objectReference: {fileID: 0}
    - target: {fileID: 2419487880734766394, guid: b04ae4acb7b42354086e362634de3028,
        type: 3}
      propertyPath: m_LocalEulerAnglesHint.y
      value: 0
      objectReference: {fileID: 0}
    - target: {fileID: 2419487880734766394, guid: b04ae4acb7b42354086e362634de3028,
        type: 3}
      propertyPath: m_LocalEulerAnglesHint.z
      value: 0
      objectReference: {fileID: 0}
    - target: {fileID: 2419487880734766392, guid: b04ae4acb7b42354086e362634de3028,
        type: 3}
      propertyPath: BundleURL
      value: Toaster
      objectReference: {fileID: 0}
    - target: {fileID: 2419487880734766392, guid: b04ae4acb7b42354086e362634de3028,
        type: 3}
      propertyPath: PrototypePrefabName
      value: toaster2
      objectReference: {fileID: 0}
    m_RemovedComponents: []
  m_SourcePrefab: {fileID: 100100000, guid: b04ae4acb7b42354086e362634de3028, type: 3}
--- !u!1 &1869512790
GameObject:
  m_ObjectHideFlags: 0
  m_CorrespondingSourceObject: {fileID: 0}
  m_PrefabInstance: {fileID: 0}
  m_PrefabAsset: {fileID: 0}
  serializedVersion: 6
  m_Component:
  - component: {fileID: 1869512793}
  - component: {fileID: 1869512792}
  - component: {fileID: 1869512791}
  m_Layer: 0
  m_Name: ObjectPositioner
  m_TagString: Untagged
  m_Icon: {fileID: 0}
  m_NavMeshLayer: 0
  m_StaticEditorFlags: 0
  m_IsActive: 1
--- !u!114 &1869512791
MonoBehaviour:
  m_ObjectHideFlags: 0
  m_CorrespondingSourceObject: {fileID: 0}
  m_PrefabInstance: {fileID: 0}
  m_PrefabAsset: {fileID: 0}
  m_GameObject: {fileID: 1869512790}
  m_Enabled: 1
  m_EditorHideFlags: 0
  m_Script: {fileID: 11500000, guid: 8c669a4cc43174caea1a3748b76f2652, type: 3}
  m_Name: 
  m_EditorClassIdentifier: 
  DetectedPlanePrefab: {fileID: 1654175882956584, guid: 6a35c744e5010405c847fad90282d2be,
    type: 3}
--- !u!114 &1869512792
MonoBehaviour:
  m_ObjectHideFlags: 0
  m_CorrespondingSourceObject: {fileID: 0}
  m_PrefabInstance: {fileID: 0}
  m_PrefabAsset: {fileID: 0}
  m_GameObject: {fileID: 1869512790}
  m_Enabled: 1
  m_EditorHideFlags: 0
  m_Script: {fileID: 11500000, guid: 93e4bd34847827d49a6741b2e5c3dadd, type: 3}
  m_Name: 
  m_EditorClassIdentifier: 
  gameObjectToPosition: {fileID: 439931184}
  autoPositionAtStart: 0
  withAnchor: 1
  PreviewMaterial: {fileID: 2100000, guid: babdcd1996a401546a8078ed629c0a4d, type: 2}
  manipulatorPrefab: {fileID: 1122865395318488, guid: 24556cd4924884d9aaa3d80135c8021d,
    type: 3}
  validatePreviewButton: {fileID: 946720422}
  manipulationButton: {fileID: 2009086032}
  touchKit: {fileID: 1344621489}
  PositionMode: 2
--- !u!4 &1869512793
Transform:
  m_ObjectHideFlags: 0
  m_CorrespondingSourceObject: {fileID: 0}
  m_PrefabInstance: {fileID: 0}
  m_PrefabAsset: {fileID: 0}
  m_GameObject: {fileID: 1869512790}
  m_LocalRotation: {x: 0, y: 0, z: 0, w: 1}
  m_LocalPosition: {x: -0.024040759, y: 0.09282327, z: -0.122874215}
  m_LocalScale: {x: 1, y: 1, z: 1}
  m_Children: []
  m_Father: {fileID: 0}
  m_RootOrder: 6
  m_LocalEulerAnglesHint: {x: 0, y: 0, z: 0}
--- !u!1001 &1909021810
PrefabInstance:
  m_ObjectHideFlags: 0
  serializedVersion: 2
  m_Modification:
    m_TransformParent: {fileID: 0}
    m_Modifications:
    - target: {fileID: 1772147192650458, guid: c10877f7cd5764de18d46d7b777d1faa, type: 3}
      propertyPath: m_Name
      value: ARCore Device
      objectReference: {fileID: 0}
    - target: {fileID: 4442908887562770, guid: c10877f7cd5764de18d46d7b777d1faa, type: 3}
      propertyPath: m_LocalPosition.x
      value: 0
      objectReference: {fileID: 0}
    - target: {fileID: 4442908887562770, guid: c10877f7cd5764de18d46d7b777d1faa, type: 3}
      propertyPath: m_LocalPosition.y
      value: 0
      objectReference: {fileID: 0}
    - target: {fileID: 4442908887562770, guid: c10877f7cd5764de18d46d7b777d1faa, type: 3}
      propertyPath: m_LocalPosition.z
      value: 0
      objectReference: {fileID: 0}
    - target: {fileID: 4442908887562770, guid: c10877f7cd5764de18d46d7b777d1faa, type: 3}
      propertyPath: m_LocalRotation.x
      value: 0
      objectReference: {fileID: 0}
    - target: {fileID: 4442908887562770, guid: c10877f7cd5764de18d46d7b777d1faa, type: 3}
      propertyPath: m_LocalRotation.y
      value: 0
      objectReference: {fileID: 0}
    - target: {fileID: 4442908887562770, guid: c10877f7cd5764de18d46d7b777d1faa, type: 3}
      propertyPath: m_LocalRotation.z
      value: 0
      objectReference: {fileID: 0}
    - target: {fileID: 4442908887562770, guid: c10877f7cd5764de18d46d7b777d1faa, type: 3}
      propertyPath: m_LocalRotation.w
      value: 1
      objectReference: {fileID: 0}
    - target: {fileID: 4442908887562770, guid: c10877f7cd5764de18d46d7b777d1faa, type: 3}
      propertyPath: m_RootOrder
      value: 4
      objectReference: {fileID: 0}
    - target: {fileID: 4442908887562770, guid: c10877f7cd5764de18d46d7b777d1faa, type: 3}
      propertyPath: m_LocalEulerAnglesHint.x
      value: 0
      objectReference: {fileID: 0}
    - target: {fileID: 4442908887562770, guid: c10877f7cd5764de18d46d7b777d1faa, type: 3}
      propertyPath: m_LocalEulerAnglesHint.y
      value: 0
      objectReference: {fileID: 0}
    - target: {fileID: 4442908887562770, guid: c10877f7cd5764de18d46d7b777d1faa, type: 3}
      propertyPath: m_LocalEulerAnglesHint.z
      value: 0
      objectReference: {fileID: 0}
    m_RemovedComponents: []
  m_SourcePrefab: {fileID: 100100000, guid: c10877f7cd5764de18d46d7b777d1faa, type: 3}
--- !u!20 &1909021811 stripped
Camera:
  m_CorrespondingSourceObject: {fileID: 20155940112608238, guid: c10877f7cd5764de18d46d7b777d1faa,
    type: 3}
  m_PrefabInstance: {fileID: 1909021810}
  m_PrefabAsset: {fileID: 0}
--- !u!1001 &1921696550
PrefabInstance:
  m_ObjectHideFlags: 0
  serializedVersion: 2
  m_Modification:
    m_TransformParent: {fileID: 353873888}
    m_Modifications:
    - target: {fileID: 1931552886271494133, guid: 04e1ede8d1acd9a48863fa86acb669c3,
        type: 3}
      propertyPath: m_Name
      value: ReturnToMenuButton
      objectReference: {fileID: 0}
    - target: {fileID: 1931552886271494133, guid: 04e1ede8d1acd9a48863fa86acb669c3,
        type: 3}
      propertyPath: m_IsActive
      value: 1
      objectReference: {fileID: 0}
    - target: {fileID: 2222221559285721741, guid: 04e1ede8d1acd9a48863fa86acb669c3,
        type: 3}
      propertyPath: m_LocalPosition.x
      value: 0
      objectReference: {fileID: 0}
    - target: {fileID: 2222221559285721741, guid: 04e1ede8d1acd9a48863fa86acb669c3,
        type: 3}
      propertyPath: m_LocalPosition.y
      value: 0
      objectReference: {fileID: 0}
    - target: {fileID: 2222221559285721741, guid: 04e1ede8d1acd9a48863fa86acb669c3,
        type: 3}
      propertyPath: m_LocalPosition.z
      value: 0
      objectReference: {fileID: 0}
    - target: {fileID: 2222221559285721741, guid: 04e1ede8d1acd9a48863fa86acb669c3,
        type: 3}
      propertyPath: m_LocalRotation.x
      value: -0
      objectReference: {fileID: 0}
    - target: {fileID: 2222221559285721741, guid: 04e1ede8d1acd9a48863fa86acb669c3,
        type: 3}
      propertyPath: m_LocalRotation.y
      value: -0
      objectReference: {fileID: 0}
    - target: {fileID: 2222221559285721741, guid: 04e1ede8d1acd9a48863fa86acb669c3,
        type: 3}
      propertyPath: m_LocalRotation.z
      value: -0
      objectReference: {fileID: 0}
    - target: {fileID: 2222221559285721741, guid: 04e1ede8d1acd9a48863fa86acb669c3,
        type: 3}
      propertyPath: m_LocalRotation.w
      value: 1
      objectReference: {fileID: 0}
    - target: {fileID: 2222221559285721741, guid: 04e1ede8d1acd9a48863fa86acb669c3,
        type: 3}
      propertyPath: m_RootOrder
      value: 5
      objectReference: {fileID: 0}
    - target: {fileID: 2222221559285721741, guid: 04e1ede8d1acd9a48863fa86acb669c3,
        type: 3}
      propertyPath: m_LocalEulerAnglesHint.x
      value: 0
      objectReference: {fileID: 0}
    - target: {fileID: 2222221559285721741, guid: 04e1ede8d1acd9a48863fa86acb669c3,
        type: 3}
      propertyPath: m_LocalEulerAnglesHint.y
      value: 0
      objectReference: {fileID: 0}
    - target: {fileID: 2222221559285721741, guid: 04e1ede8d1acd9a48863fa86acb669c3,
        type: 3}
      propertyPath: m_LocalEulerAnglesHint.z
      value: 0
      objectReference: {fileID: 0}
    - target: {fileID: 2222221559285721741, guid: 04e1ede8d1acd9a48863fa86acb669c3,
        type: 3}
      propertyPath: m_AnchoredPosition.x
      value: 72
      objectReference: {fileID: 0}
    - target: {fileID: 2222221559285721741, guid: 04e1ede8d1acd9a48863fa86acb669c3,
        type: 3}
      propertyPath: m_AnchoredPosition.y
      value: -72
      objectReference: {fileID: 0}
    - target: {fileID: 2222221559285721741, guid: 04e1ede8d1acd9a48863fa86acb669c3,
        type: 3}
      propertyPath: m_SizeDelta.x
      value: 72
      objectReference: {fileID: 0}
    - target: {fileID: 2222221559285721741, guid: 04e1ede8d1acd9a48863fa86acb669c3,
        type: 3}
      propertyPath: m_SizeDelta.y
      value: 72
      objectReference: {fileID: 0}
    - target: {fileID: 2222221559285721741, guid: 04e1ede8d1acd9a48863fa86acb669c3,
        type: 3}
      propertyPath: m_AnchorMin.x
      value: 0
      objectReference: {fileID: 0}
    - target: {fileID: 2222221559285721741, guid: 04e1ede8d1acd9a48863fa86acb669c3,
        type: 3}
      propertyPath: m_AnchorMin.y
      value: 1
      objectReference: {fileID: 0}
    - target: {fileID: 2222221559285721741, guid: 04e1ede8d1acd9a48863fa86acb669c3,
        type: 3}
      propertyPath: m_AnchorMax.x
      value: 0
      objectReference: {fileID: 0}
    - target: {fileID: 2222221559285721741, guid: 04e1ede8d1acd9a48863fa86acb669c3,
        type: 3}
      propertyPath: m_AnchorMax.y
      value: 1
      objectReference: {fileID: 0}
    - target: {fileID: 2222221559285721741, guid: 04e1ede8d1acd9a48863fa86acb669c3,
        type: 3}
      propertyPath: m_Pivot.x
      value: 1
      objectReference: {fileID: 0}
    - target: {fileID: 2222221559285721741, guid: 04e1ede8d1acd9a48863fa86acb669c3,
        type: 3}
      propertyPath: m_Pivot.y
      value: 0
      objectReference: {fileID: 0}
    - target: {fileID: 2222221559285721741, guid: 04e1ede8d1acd9a48863fa86acb669c3,
        type: 3}
      propertyPath: m_LocalScale.x
      value: 1
      objectReference: {fileID: 0}
    - target: {fileID: 2222221559285721741, guid: 04e1ede8d1acd9a48863fa86acb669c3,
        type: 3}
      propertyPath: m_LocalScale.y
      value: 1
      objectReference: {fileID: 0}
    - target: {fileID: 2222221559285721741, guid: 04e1ede8d1acd9a48863fa86acb669c3,
        type: 3}
      propertyPath: m_LocalScale.z
      value: 1
      objectReference: {fileID: 0}
    - target: {fileID: 4693070970284268869, guid: 04e1ede8d1acd9a48863fa86acb669c3,
        type: 3}
      propertyPath: m_Sprite
      value: 
      objectReference: {fileID: 21300000, guid: c85558b51fa9a874f9324d837a889b3f,
        type: 3}
    - target: {fileID: 6490991768582385748, guid: 04e1ede8d1acd9a48863fa86acb669c3,
        type: 3}
      propertyPath: m_OnClick.m_PersistentCalls.m_Calls.Array.size
      value: 1
      objectReference: {fileID: 0}
    - target: {fileID: 6490991768582385748, guid: 04e1ede8d1acd9a48863fa86acb669c3,
        type: 3}
      propertyPath: m_OnClick.m_PersistentCalls.m_Calls.Array.data[0].m_Mode
      value: 1
      objectReference: {fileID: 0}
    - target: {fileID: 6490991768582385748, guid: 04e1ede8d1acd9a48863fa86acb669c3,
        type: 3}
      propertyPath: m_OnClick.m_PersistentCalls.m_Calls.Array.data[0].m_CallState
      value: 2
      objectReference: {fileID: 0}
    - target: {fileID: 6490991768582385748, guid: 04e1ede8d1acd9a48863fa86acb669c3,
        type: 3}
      propertyPath: m_OnClick.m_PersistentCalls.m_Calls.Array.data[0].m_Target
      value: 
      objectReference: {fileID: 1921696552}
    - target: {fileID: 6490991768582385748, guid: 04e1ede8d1acd9a48863fa86acb669c3,
        type: 3}
      propertyPath: m_OnClick.m_PersistentCalls.m_Calls.Array.data[0].m_MethodName
      value: ReturnToMenu
      objectReference: {fileID: 0}
    - target: {fileID: 6490991768582385748, guid: 04e1ede8d1acd9a48863fa86acb669c3,
        type: 3}
      propertyPath: m_OnClick.m_PersistentCalls.m_Calls.Array.data[0].m_Arguments.m_ObjectArgumentAssemblyTypeName
      value: UnityEngine.Object, UnityEngine
      objectReference: {fileID: 0}
    - target: {fileID: 6490991768582385748, guid: 04e1ede8d1acd9a48863fa86acb669c3,
        type: 3}
      propertyPath: m_OnClick.m_PersistentCalls.m_Calls.Array.data[0].m_Arguments.m_StringArgument
      value: VivianARCoreMenu
      objectReference: {fileID: 0}
    m_RemovedComponents: []
  m_SourcePrefab: {fileID: 100100000, guid: 04e1ede8d1acd9a48863fa86acb669c3, type: 3}
--- !u!1 &1921696551 stripped
GameObject:
  m_CorrespondingSourceObject: {fileID: 1931552886271494133, guid: 04e1ede8d1acd9a48863fa86acb669c3,
    type: 3}
  m_PrefabInstance: {fileID: 1921696550}
  m_PrefabAsset: {fileID: 0}
--- !u!114 &1921696552
MonoBehaviour:
  m_ObjectHideFlags: 0
  m_CorrespondingSourceObject: {fileID: 0}
  m_PrefabInstance: {fileID: 0}
  m_PrefabAsset: {fileID: 0}
  m_GameObject: {fileID: 1921696551}
  m_Enabled: 1
  m_EditorHideFlags: 0
  m_Script: {fileID: 11500000, guid: fdf7f5908a014844b9193b3465e63840, type: 3}
  m_Name: 
  m_EditorClassIdentifier: 
--- !u!1001 &2009086031
PrefabInstance:
  m_ObjectHideFlags: 0
  serializedVersion: 2
  m_Modification:
    m_TransformParent: {fileID: 353873888}
    m_Modifications:
    - target: {fileID: 894115688823744690, guid: 87f3755070344e54688d20a5054924fc,
        type: 3}
      propertyPath: m_Name
      value: SwitchToManipulationButton
      objectReference: {fileID: 0}
    - target: {fileID: 894115688823744690, guid: 87f3755070344e54688d20a5054924fc,
        type: 3}
      propertyPath: m_IsActive
      value: 0
      objectReference: {fileID: 0}
    - target: {fileID: 608024284057961930, guid: 87f3755070344e54688d20a5054924fc,
        type: 3}
      propertyPath: m_LocalPosition.x
      value: 0
      objectReference: {fileID: 0}
    - target: {fileID: 608024284057961930, guid: 87f3755070344e54688d20a5054924fc,
        type: 3}
      propertyPath: m_LocalPosition.y
      value: 0
      objectReference: {fileID: 0}
    - target: {fileID: 608024284057961930, guid: 87f3755070344e54688d20a5054924fc,
        type: 3}
      propertyPath: m_LocalPosition.z
      value: 0
      objectReference: {fileID: 0}
    - target: {fileID: 608024284057961930, guid: 87f3755070344e54688d20a5054924fc,
        type: 3}
      propertyPath: m_LocalRotation.x
      value: 0
      objectReference: {fileID: 0}
    - target: {fileID: 608024284057961930, guid: 87f3755070344e54688d20a5054924fc,
        type: 3}
      propertyPath: m_LocalRotation.y
      value: 0
      objectReference: {fileID: 0}
    - target: {fileID: 608024284057961930, guid: 87f3755070344e54688d20a5054924fc,
        type: 3}
      propertyPath: m_LocalRotation.z
      value: 0
      objectReference: {fileID: 0}
    - target: {fileID: 608024284057961930, guid: 87f3755070344e54688d20a5054924fc,
        type: 3}
      propertyPath: m_LocalRotation.w
      value: 1
      objectReference: {fileID: 0}
    - target: {fileID: 608024284057961930, guid: 87f3755070344e54688d20a5054924fc,
        type: 3}
      propertyPath: m_RootOrder
      value: 4
      objectReference: {fileID: 0}
    - target: {fileID: 608024284057961930, guid: 87f3755070344e54688d20a5054924fc,
        type: 3}
      propertyPath: m_LocalEulerAnglesHint.x
      value: 0
      objectReference: {fileID: 0}
    - target: {fileID: 608024284057961930, guid: 87f3755070344e54688d20a5054924fc,
        type: 3}
      propertyPath: m_LocalEulerAnglesHint.y
      value: 0
      objectReference: {fileID: 0}
    - target: {fileID: 608024284057961930, guid: 87f3755070344e54688d20a5054924fc,
        type: 3}
      propertyPath: m_LocalEulerAnglesHint.z
      value: 0
      objectReference: {fileID: 0}
    - target: {fileID: 608024284057961930, guid: 87f3755070344e54688d20a5054924fc,
        type: 3}
      propertyPath: m_AnchoredPosition.x
      value: 0
      objectReference: {fileID: 0}
    - target: {fileID: 608024284057961930, guid: 87f3755070344e54688d20a5054924fc,
        type: 3}
      propertyPath: m_AnchoredPosition.y
      value: 0
      objectReference: {fileID: 0}
    - target: {fileID: 608024284057961930, guid: 87f3755070344e54688d20a5054924fc,
        type: 3}
      propertyPath: m_SizeDelta.x
      value: 72
      objectReference: {fileID: 0}
    - target: {fileID: 608024284057961930, guid: 87f3755070344e54688d20a5054924fc,
        type: 3}
      propertyPath: m_SizeDelta.y
      value: 72
      objectReference: {fileID: 0}
    - target: {fileID: 608024284057961930, guid: 87f3755070344e54688d20a5054924fc,
        type: 3}
      propertyPath: m_AnchorMin.x
      value: 1
      objectReference: {fileID: 0}
    - target: {fileID: 608024284057961930, guid: 87f3755070344e54688d20a5054924fc,
        type: 3}
      propertyPath: m_AnchorMin.y
      value: 0
      objectReference: {fileID: 0}
    - target: {fileID: 608024284057961930, guid: 87f3755070344e54688d20a5054924fc,
        type: 3}
      propertyPath: m_AnchorMax.x
      value: 1
      objectReference: {fileID: 0}
    - target: {fileID: 608024284057961930, guid: 87f3755070344e54688d20a5054924fc,
        type: 3}
      propertyPath: m_AnchorMax.y
      value: 0
      objectReference: {fileID: 0}
    - target: {fileID: 608024284057961930, guid: 87f3755070344e54688d20a5054924fc,
        type: 3}
      propertyPath: m_Pivot.x
      value: 1
      objectReference: {fileID: 0}
    - target: {fileID: 608024284057961930, guid: 87f3755070344e54688d20a5054924fc,
        type: 3}
      propertyPath: m_Pivot.y
      value: 0
      objectReference: {fileID: 0}
    m_RemovedComponents: []
  m_SourcePrefab: {fileID: 100100000, guid: 87f3755070344e54688d20a5054924fc, type: 3}
--- !u!1 &2009086032 stripped
GameObject:
  m_CorrespondingSourceObject: {fileID: 894115688823744690, guid: 87f3755070344e54688d20a5054924fc,
    type: 3}
  m_PrefabInstance: {fileID: 2009086031}
  m_PrefabAsset: {fileID: 0}
